 Dungeon Crawl Stone Soup version 0.29.1-1-gd02db6906a (webtiles) character file.

Game seed: 8234513183327232874

1301 Ashen the Firebug (level 8, -9/58 HPs)
             Began as a Demonspawn Fire Elementalist on Oct 11, 2022.
             Was a Follower of Vehumet.
             Mangled by Maggie
             ... wielding a +0 glaive
              (16 damage)
             ... on level 6 of the Dungeon.
             The game lasted 00:16:18 (6990 turns).

Ashen the Firebug (Demonspawn Fire Elementalist)    Turns: 6990, Time: 00:16:18

Health: -9/58      AC:  2    Str:  8    XL:     8   Next: 31%
Magic:  9/15       EV: 13    Int: 18    God:    Vehumet [*.....]
Gold:   161        SH:  5    Dex: 15    Spells: 6/16 levels left

rFire   + . .      SeeInvis .   x - staff of fire
rCold   + . .      Faith    .   (no shield)
rNeg    . . .      Spirit   .   a - +0 robe
rPois   +          Reflect  +   (helmet restricted)
rElec   .          Harm     .   (no cloak)
rCorr   .          Rampage  .   (no gloves)
Will    .....                   (no boots)
Stlth   +++.......              g - amulet of reflection
HPRegen 0.19/turn               c - ring of protection from cold
MPRegen 0.14/turn               y - ring of poison resistance

@: mesmerised
A: antennae 1, powered by death 1
a: Renounce Religion


You were on level 6 of the Dungeon.
You worshipped Vehumet.
Vehumet was aware of your devotion.
You visited 1 branch of the dungeon, and saw 6 of its levels.
You also visited: Sewer.

You collected 161 gold pieces.

Inventory:

Hand Weapons
 n - the +11 dagger "Agoub" {vorpal, rN+ rCorr}
   (You found it on level 2 of the Dungeon)

   It inflicts extra damage upon your enemies.
   rN:        It protects you from negative energy.
   rCorr:     It protects you from acid and corrosion.
 E - a +3 short sword of electrocution
Armour
 a - a +0 robe (worn)
 f - an orb of energy
Magical Staves
 x - a staff of fire (weapon)
Jewellery
 c - a ring of protection from cold (left hand)
 g - an amulet of reflection (around neck)
 y - a ring of poison resistance (right hand)
Scrolls
 k - a scroll of immolation {unknown}
 l - 2 scrolls of magic mapping
 m - a scroll of vulnerability {unknown}
 o - a scroll of amnesia
 p - a scroll of fear {unknown}
 q - 5 scrolls of teleportation
 r - a scroll of fog
 t - a scroll of blinking
 v - a scroll of enchant weapon
 w - a scroll of summoning {unknown}
 D - a scroll of brand weapon {unknown}
Potions
 d - 2 potions of might
 e - 5 potions of haste
 h - a potion of attraction
 i - 3 potions of brilliance
 j - 4 potions of curing
 s - 3 potions of mutation {unknown}
 u - 2 potions of heal wounds {unknown}
 z - 2 potions of berserk rage {unknown}
 A - a potion of degeneration {unknown}
 C - a potion of resistance {unknown}
 F - a potion of flight {unknown}


   Skills:
 + Level 3.0 Fighting
 + Level 3.4 Dodging
 + Level 3.8 Stealth
 * Level 4.6 Spellcasting
 * Level 4.6 Conjurations
 * Level 5.1 Fire Magic


You had 6 spell levels left.
You knew the following spells:

 Your Spells              Type           Power      Damage    Failure   Level
a - Foxfire               Conj/Fire      100%       2x1d9     1%          1
b - Scorch                Fire           68%        2d8       2%          2
c - Flame Wave            Conj/Fire      32%        2d9       19%         4
d - Mephitic Cloud        Conj/Pois/Air  9%         N/A       22%         3

Your spell library contained the following spells:

 Spells                   Type           Power      Damage    Failure   Level
 Sandblast                Erth           8%         2d5       14%         1
 Magic Dart               Conj           80%        1d7       1%          1
 Conjure Flame            Conj/Fire      32%        6-21      5%          3
 Necrotise                Necr           16%        1d4       14%         1
 Inner Flame              Hex/Fire       20%        N/A       14%         3
 Call Imp                 Summ           4%         N/A       22%         2
 Vampiric Draining        Necr           4%         2d6       38%         3
 Agony                    Necr           4%         N/A       98%         5


Dungeon Overview and Level Annotations

Branches:
Dungeon (6/15)             Temple (0/1) D:5           Sewer (visited)

Altars:
Gozag
Kikubaaqudgha
Trog
Vehumet

Shops:
D:3 [   D:5 (

Annotations:
D:6 Maggie


Innate Abilities, Weirdness & Mutations

You have a pair of small antennae on your head.
You regenerate a little health from kills.


Message History

Maggie is severely wounded.
The foxfire hits Maggie but does no damage.
Maggie is severely wounded.
Maggie casts a spell at you. The bolt of fire hits you! You resist.
Casting: Scorch (safe; 2% risk of failure)
Confirm with . or Enter, or press ? or * to list all spells.
You feel a surge of power!
You conjure some foxfire!
Maggie gestures at you while chanting. The bolt of fire hits you! You resist.
Unknown command.
Casting: Foxfire (safe; 1% risk of failure)
Confirm with . or Enter, or press ? or * to list all spells.
You feel a surge of power!
You conjure some foxfire!
The foxfire hits Maggie.
Maggie is burned terribly!
Maggie is almost dead.
The foxfire hits Maggie.
Maggie is burned terribly!
Maggie is almost dead.
Maggie hits you from afar with a +0 glaive!
Casting: Foxfire (safe; 1% risk of failure)
Confirm with . or Enter, or press ? or * to list all spells.
You feel a surge of power!
You conjure some foxfire!
The foxfire hits Maggie.
Maggie is burned terribly!
Maggie is almost dead.
The foxfire hits Maggie but does no damage.
Maggie is almost dead.
Maggie points at you and mumbles some strange words.
The bolt of fire hits you! You resist.
* * * LOW HITPOINT WARNING * * *
Your magical contamination has completely faded away.
Casting: Foxfire (safe; 1% risk of failure)
Confirm with . or Enter, or press ? or * to list all spells.
You feel a surge of power!
You conjure some foxfire!
Maggie is no longer more vulnerable to fire.
The foxfire hits Maggie but does no damage.
Maggie is almost dead.
The foxfire hits Maggie but does no damage.
Maggie is almost dead.
Maggie hits you from afar with a +0 glaive!
You die...

....... ..!....
....... .......
.......#######
##...@.#.....##
#.....v§......##
.....§v@.......#
......§........#
......[........#
...............#
.............<.#
...............#
#.............##
##.?.........##
##.#.######


You could see Maggie (mesmerising, ally target).

Vanquished Creatures
  Prince Ribbit (D:5)
  An ice beast (D:4)
  An ogre (D:3)
  A phantom (D:5)
  A necrophage (D:4)
  2 bullfrogs (Sewer)
  A scorpion (D:3)
  A howler monkey (D:4)
  2 jellies (D:6)
  An orc priest (D:3)
  3 iguanas (D:5)
  An orc wizard (D:3)
  4 gnolls
  4 river rats
  14 adders
  4 worms
  24 orcs
  7 endoplasms
  2 giant cockroaches (D:3)
  14 goblins
  14 hobgoblins
  4 jackals (D:2)
  16 kobolds
  4 quokkas
  23 ball pythons
  5 bats
  3 frilled lizards
  24 rats
182 creatures vanquished.

Vanquished Creatures (others)
  414 foxfires
414 creatures vanquished.

Grand Total: 596 creatures vanquished

Notes
Turn   | Place    | Note
-------+----------+-------------------------------------------
     0 | D:1      | Ashen the Demonspawn Fire Elementalist began the quest for
                  | the Orb.
     0 | D:1      | Reached XP level 1. HP: 13/13 MP: 3/3
   369 | D:1      | Gained mutation: You have a pair of small antennae on your
                  | head. [demonic ancestry]
   369 | D:1      | Reached XP level 2. HP: 19/19 MP: 3/5
   915 | D:1      | Reached skill level 3 in Fire Magic
  1233 | D:1      | Reached XP level 3. HP: 24/24 MP: 6/6
  1236 | D:1      | Learned a level 2 spell: Scorch
  1282 | D:2      | Identified the +11 dagger "Agoub" {vorpal, rN+ rCorr}
  1466 | D:2      | Gained mutation: You regenerate a little health from kills.
                  | [demonic ancestry]
  1466 | D:2      | Reached XP level 4. HP: 31/31 MP: 4/7
  1579 | D:2      | Reached skill level 1 in Fighting
  1600 | D:2      | Found an opulent altar of Gozag.
  2044 | D:2      | Reached XP level 5. HP: 37/37 MP: 9/9
  2299 | D:3      | Noticed an ogre
  2329 | D:3      | Learned a level 4 spell: Flame Wave
  2644 | D:3      | Noticed an eye of devastation
  2670 | D:3      | Found a faded altar of an unknown god.
  2714 | D:3      | Noticed a shining eye
  2750 | D:3      | Noticed a shining eye
  2750 | D:3      | Noticed a great orb of eyes
  2917 | D:3      | Reached XP level 6. HP: 42/43 MP: 5/10
  3166 | D:3      | Found Ussavvur's Antique Armour Shop.
  3690 | D:4      | Reached skill level 4 in Fire Magic
  3763 | D:4      | Learned a level 3 spell: Mephitic Cloud
  3768 | D:4      | Found a glowing drain.
  3772 | Sewer    | Entered a sewer
  4072 | Sewer    | Reached XP level 7. HP: 50/50 MP: 8/12
  4741 | D:4      | Found a radiant altar of Vehumet.
  4967 | D:4      | Found a bloodstained altar of Trog.
  4975 | D:4      | Found an ancient bone altar of Kikubaaqudgha.
  5610 | D:5      | Entered Level 5 of the Dungeon
  5627 | D:4      | Became a worshipper of Vehumet
  5686 | D:5      | Found a staircase to the Ecumenical Temple.
  6481 | D:5      | Reached * piety under Vehumet
  6481 | D:5      | Offered knowledge of Sandblast by Vehumet.
  6674 | D:5      | Found Sunn's Weapon Shoppe.
  6675 | D:5      | Noticed Prince Ribbit
  6682 | D:5      | Killed Prince Ribbit
  6683 | D:5      | Reached skill level 5 in Fire Magic
  6683 | D:5      | Reached XP level 8. HP: 23/57 MP: 6/14
  6974 | D:6      | Noticed Maggie
  6990 | D:6      | Mangled by Maggie

Illustrated notes

Levels and vault maps discovered:
D:1:      lemuel_arrival_lava_pool, layout_basic, patterned_corridor
D:2:      layout_basic, basic_altar, solitary_fountain, st_stairs_4
D:3:      layout_basic, serial_shops, shop,
          hellmonk_ecumenical_altar_watching_god
D:4:      layout_layer_cave, nicolae_overflow_hidden_temple,
          mainiacjoe_overflow_big_doors, gup_sewer_entry_bowl
D:5:      corexii_shantytown, layout_loops_ring,
          minmay_temple_entry_statues_pillars, serial_shops,
          nicolae_shop_bloodbath_and_beyond, columned_hall_lemuel,
          uniq_prince_ribbit1
D:6:      layout_rooms, uniq_maggie, uniq_menkaure

Skill      XL: |  1  2  3  4  5  6  7  8 |
---------------+-------------------------+-----
Stealth        | 2 3 |  3.8
Dodging        | 2 3 |  3.4
Fire Magic     | 3 4 5 |  5.1
Conjurations   | 2 3 4 |  4.6
Fighting       | 1 2 3 |  3.0
Spellcasting   | 3 4 |  4.6

Action                   |  1- 3 |  4- 6 |  7- 9 || total
-------------------------+-------+-------+-------++-------
Melee: Unarmed           |     7 |       |       ||     7
       Short sword       |    33 |       |       ||    33
       Dagger            |    14 |    42 |    17 ||    73
       Staff             |       |       |    38 ||    38
       Punch             |       |       |     2 ||     2
 Cast: Foxfire           |    33 |   105 |    98 ||   236
       Scorch            |       |     2 |     8 ||    10
  Use: Scroll            |       |       |    11 ||    11
       Potion            |       |       |     1 ||     1
 Stab: Sleeping          |     1 |     3 |     2 ||     6
Armor: Robe              |    19 |     5 |     4 ||    28
Dodge: Dodged            |    45 |    21 |    31 ||    97
Block: Other             |    18 |    13 |    16 ||    47
